 Dungeon Crawl Stone Soup version 0.24.0-2-g5b39cebb1c (webtiles) character file.

Game seed: 5269563985261982297, levelgen mode: deterministic

98 Mrkan the Shield-Bearer (level 4, -1/40 HPs)
             Began as a Minotaur Fighter on Oct 31, 2019.
             Was an Initiate of Makhleb.
             Killed by divine providence
             ... invoked by an orc priest
              (13 damage)
             ... on level 3 of the Dungeon.
             The game lasted 00:04:14 (1894 turns).

Mrkan the Shield-Bearer (Minotaur Fighter)          Turns: 1894, Time: 00:04:15

Health: -1/40      AC: 13    Str: 21    XL:     4   Next: 43%
Magic:  3/3        EV:  4    Int:  5    God:    Makhleb [......]
Gold:   68         SH:  9    Dex: 10    Spells: 3/3 levels left

rFire    . . .     SeeInvis .   a - +0 war axe
rCold    . . .     Gourm    .   c - +0 shield
rNeg     . . .     Faith    .   o - +0 plate armour
rPois    .         Spirit   .   (helmet restricted)
rElec    .         Reflect  .   (no cloak)
rCorr    .         Harm     .   h - +0 pair of gloves
MR       .....                  (no boots)
Stlth    ..........             (no amulet)
HPRegen  0.13/turn              (no ring)
MPRegen  0.08/turn              (no ring)

@: no status effects
A: retaliatory headbutt, horns 2
a: Renounce Religion


You were on level 3 of the Dungeon.
You worshipped Makhleb.
Makhleb was noncommittal.
You were not hungry.

You visited 1 branch of the dungeon, and saw 3 of its levels.

You collected 68 gold pieces.

Inventory:

Hand Weapons
 a - a +0 war axe (weapon)
Armour
 c - a +0 shield (worn)
 h - a +0 pair of gloves (worn)
 o - a +0 plate armour (worn)
Scrolls
 e - a scroll of identify {unknown}
 l - a scroll of fog {unknown}
 m - a scroll of teleportation {unknown}
Potions
 d - a potion of might
 g - a potion of cancellation {unknown}
 i - a potion of haste {unknown}
 j - 2 potions of curing
 k - a potion of brilliance {unknown}
 n - 2 potions of flight {unknown}
 p - 2 potions of lignification {unknown}
Comestibles
 b - a chunk of flesh
 f - 3 rations


   Skills:
 + Level 4.3 Fighting
 * Level 4.0 Axes
 + Level 4.3 Armour
 + Level 4.3 Shields


You had 3 spell levels left.
You didn't know any spells.
Your spell library was empty.

Dungeon Overview and Level Annotations

Branches:
Dungeon (3/15)

Altars:
Makhleb


Innate Abilities, Weirdness & Mutations

You reflexively headbutt those who attack you in melee.
You have a pair of horns on your head.


Message History

You kill the orc!
Makhleb accepts your kill. You block the rat's attack.
The orc priest mumbles some strange prayers to Beogh against you.
Beogh smites you!
* * * LOW HITPOINT WARNING * * *
It was a potion of curing.
You feel better. The rat bites you but does no damage.
You closely miss the rat. The rat bites you but does no damage.
Your plate armour prevents you from hitting the rat.
You block the rat's attack.
Your plate armour prevents you from hitting the rat.
Your headbutt misses the rat.
The rat bites you but does no damage. x2
You hit the rat but do no damage. The rat barely misses you.
The orc priest curses loudly, as Orcs often do.
Your shield and plate armour prevent you from hitting the rat.
Your headbutt misses the rat. The rat bites you but does no damage.
The orc priest invokes the aid of Beogh against you.
Beogh smites you!
You die...

### ..# . ###.#####. . #
.......#.
....#.#############.###.#.
.%....gor@..............#.
.......o###########.##..#.
...#....# ##.##..#. .
#....# #........ ##.###
#######.#. .. ..........
##.# ######.#. #.# ###.##
#####.# ######.....


You could see an orc priest, an orc, a goblin and a rat.

Vanquished Creatures
  A hound (D:2)
  An ooze (D:1)
  A worm (D:2)
  2 dart slugs
  A leopard gecko (D:1)
  2 orcs (D:3)
  A ball python (D:1)
  6 bats
  7 giant cockroaches
  5 goblins
  7 hobgoblins
  5 kobolds
  4 frilled lizards
  8 rats
51 creatures vanquished.

Notes
Turn   | Place    | Note
-------+----------+-------------------------------------------
     0 | D:1      | Mrkan the Minotaur Fighter began the quest for the Orb.
     0 | D:1      | Reached XP level 1. HP: 19/19 MP: 0/0
   141 | D:1      | Reached XP level 2. HP: 20/27 MP: 1/1
   509 | D:1      | Reached XP level 3. HP: 33/33 MP: 2/2
   885 | D:2      | Reached XP level 4. HP: 40/40 MP: 3/3
  1662 | D:2      | Found a burning altar of Makhleb.
  1673 | D:2      | Became a worshipper of Makhleb the Destroyer
  1894 | D:3      | Killed from afar by an orc priest

Levels and vault maps discovered:
D:1:      sevenhm_arrival_forest_fort_small_3, layout_basic
D:2:      wander_river, layout_loops_corners, makhleb_blood_cavern_becter,
          first_ration
D:3:      layout_basic

Skill      XL: |  1  2  3  4 |
---------------+-------------+-----
Axes           | 3 4 |  4.0
Armour         | 4 |  4.3
Shields        | 4 |  4.3
Fighting       | 4 |  4.3

Action                   |  1- 3 |  4- 6 || total
-------------------------+-------+-------++-------
Melee: War axe           |    54 |    55 ||   109
       Headbutt          |    10 |     5 ||    15
  Use: Potion            |       |     1 ||     1
  Eat: Chunk             |       |     3 ||     3
Armor: Scale mail        |    31 |    12 ||    43
       Plate armour      |       |    19 ||    19
Dodge: Dodged            |    23 |    16 ||    39
Block: Shield            |    21 |    31 ||    52
